 Dungeon Crawl Stone Soup version 0.24.0-37-gcf1ca852f1 (webtiles) character file.

Game seed: 11152179656329262823, levelgen mode: deterministic

95 PentaManta the Cudgeler (level 4, -2/28 HPs)
             Began as a Gargoyle Monk on Dec 2, 2019.
             Slain by an orc
             ... wielding a +0 mace
              (3 damage)
             ... on level 4 of the Dungeon.
             The game lasted 00:03:51 (2168 turns).

PentaManta the Cudgeler (Gargoyle Monk)             Turns: 2168, Time: 00:03:52

Health: -2/28      AC: 17    Str: 16    XL:     4   Next: 66%
Magic:  4/4        EV:  5    Int: 10    God:
Gold:   152        SH:  0    Dex: 12    Spells: 3/3 levels left

rFire    . . .     SeeInvis .   a - +0 mace
rCold    . . .     Gourm    .   (no shield)
rNeg     + . .     Faith    .   s - +0 plate armour (curse)
rPois    ∞         Spirit   .   (no helmet)
rElec    +         Reflect  .   t - +2 cloak {rPois}
rCorr    .         Harm     .   (no gloves)
MR       .....                  p - +0 pair of boots
Stlth    ..........             (no amulet)
HPRegen  0.09/turn              (no ring)
MPRegen  0.09/turn              (no ring)

@: no status effects
A: negative energy resistance 1, electricity resistance, unbreathing,
petrification resistance, rot immunity, AC +3
a: no special abilities


You were on level 4 of the Dungeon.
You were not hungry.

You visited 1 branch of the dungeon, and saw 4 of its levels.

You collected 152 gold pieces.

Inventory:

Hand Weapons
 a - a +0 mace (weapon)
 m - a +0 dagger of venom
Missiles
 o - 28 poisoned darts (quivered)
 u - 8 datura-tipped darts
Armour
 e - a +0 scale mail
 p - a +0 pair of boots (worn)
 s - a cursed +0 plate armour (worn)
 t - a +2 cloak of poison resistance (worn)
Wands
 n - a wand of flame (18)
 w - a wand of digging (8)
Scrolls
 b - a scroll of noise {unknown}
 d - 3 scrolls of magic mapping {unknown}
 g - 2 scrolls of blinking {unknown}
 h - 2 scrolls of random uselessness {unknown}
 j - 3 scrolls of identify {unknown}
 k - 3 scrolls of remove curse {unknown}
 q - 3 scrolls of amnesia {unknown}
 v - a scroll of teleportation {unknown}
Potions
 f - 2 potions of agility {unknown}
 i - a potion of lignification {unknown}
 l - 2 potions of curing {unknown}
 r - a potion of mutation {unknown}
 x - a potion of heal wounds {unknown}
Comestibles
 c - 9 rations


   Skills:
 - Level 3.2 Fighting
 + Level 4.2 Maces & Flails
 + Level 3.5 Dodging
 - Level 2.1 Stealth


You had 3 spell levels left.
You didn't know any spells.
Your spell library was empty.

Dungeon Overview and Level Annotations

Branches:
Dungeon (4/15)
 Temple: D:4-7

Altars:
Dithmenos
Fedhas
Sif Muna
Uskayaw

Annotations:
D:3 2 transporters, FishyPogo's ghost, amateur GnSk


Innate Abilities, Weirdness & Mutations

You are resistant to torment.
Your stone body is resilient. (AC +3)
You are immune to poison.
You resist negative energy. (rN+)
You are resistant to electric shocks. (rElec)
You can survive without breathing.
You are immune to petrification.
You are immune to rotting.


Message History

The orc hits you but does no damage.
Your plate armour prevents you from hitting the orc priest.
The orc priest is severely wounded.
The orc hits you but does no damage. The orc priest barely misses you.
The orc hits you but does no damage. x2
You hit the orc priest.
The orc priest is almost dead.
The orc hits you but does no damage.
The leopard gecko bites you but does no damage.
The orc priest hits you.
* * * LOW HITPOINT WARNING * * *
The orc hits you but does no damage. The orc barely misses you.
The leopard gecko barely misses you.
You closely miss the orc priest.
The orc priest is almost dead.
The orc hits you but does no damage. The orc priest completely misses you.
The orc hits you but does no damage.
The leopard gecko bites you but does no damage.
The orc hits you with a +0 mace.
You die...

#..###### #..##...
#####..##.#
.......>...#######
.#####.......$...#
####........# #
##.####..#.#
#.####oo..#
#.##..@oZ.#
#.....lo......
#.##.##.#.####
..##. ###.# #. .Z
. .. .##


You could see an orc priest, 3 orcs, a leopard gecko and a leopard gecko
skeleton.

Vanquished Creatures
  2 adders (D:2)
  3 oozes
  A leopard gecko (D:2)
  A ball python (D:1)
  9 bats
  2 giant cockroaches
  5 goblins
  14 hobgoblins
  5 jackals
  3 frilled lizards
  7 kobolds
  A quokka skeleton (D:3)
  2 rats
55 creatures vanquished.

Notes
Turn   | Place    | Note
-------+----------+-------------------------------------------
     0 | D:1      | PentaManta the Gargoyle Monk began the quest for the Orb.
     0 | D:1      | Reached XP level 1. HP: 14/14 MP: 1/1
   377 | D:1      | Reached XP level 2. HP: 15/19 MP: 2/2
   613 | D:1      | Reached XP level 3. HP: 23/23 MP: 3/3
   978 | D:2      | Found a shadowy altar of Dithmenos.
  1166 | D:2      | Found a hide-covered altar of Uskayaw.
  1166 | D:2      | Found a shadowy altar of Dithmenos.
  1166 | D:2      | Found a shimmering blue altar of Sif Muna.
  1235 | D:2      | Reached skill level 4 in Maces & Flails
  1235 | D:2      | Reached XP level 4. HP: 26/28 MP: 4/4
  1321 | D:2      | Found a blossoming altar of Fedhas.
  1541 | D:3      | Found a transporter.
  1542 | D:3      | Noticed FishyPogo's ghost (amateur GnSk)
  1547 | D:3      | Noticed a necrophage
  1866 | D:3      | Found a transporter.
  2167 | D:4      | HP: 1/28 [orc priest (2)]
  2168 | D:4      | Slain by an orc

Levels and vault maps discovered:
D:1:      minmay_arrival_stair_chambers, layout_rooms
D:2:      layout_loops_ring, lemuel_coloured_pillars_altar,
          gammafunk_temple_overflow_claw, grunt_dithmenos_smoke
D:3:      layout_rooms, gammafunk_ghost_mausoleum
D:4:      layout_loops_ring, zin_purify, first_ration, serial_shops, shop,
          minmay_ruptured

Skill      XL: |  1  2  3 |
---------------+----------+-----
Dodging        | 3 |  3.5
Maces & Flails | 4 |  4.2
Fighting       | |  3.2
Stealth        | |  2.1

Action                   |  1- 3 |  4- 6 || total
-------------------------+-------+-------++-------
Melee: Mace              |   122 |    82 ||   204
  Eat: Chunk             |     1 |     3 ||     4
Armor: Robe              |    10 |       ||    10
       Scale mail        |    76 |    34 ||   110
       Plate armour      |       |    46 ||    46
Dodge: Dodged            |   102 |    58 ||   160
